 Dungeon Crawl Stone Soup version 0.31.0-11-ge490571c62 (webtiles) character file.

Game seed: 11571547233701293282

21 Esekla the Grasshopper (level 2, -1/15 HPs)
             Began as a Vine Stalker Warper on Jan 30, 2024.
             Succumbed to an adder's poison
             ... on level 2 of the Dungeon.
             The game lasted 00:02:53 (515 turns).

Esekla the Grasshopper (Vine Stalker Warper)         Turns: 515, Time: 00:02:54

Health: -1/15      AC:  2    Str: 13    XL:     2   Next: 83%
Magic:  3/6        EV: 12    Int: 13    God:
Gold:   61         SH:  0    Dex: 13    Spells: 3/5 levels left

rFire   . . .        a - +0 falchion
rCold   . . .        (no shield)
rNeg    . . .        i - +0 robe
rPois   .            (no helmet)
rElec   .            (no cloak)
rCorr   .            (no gloves)
SInv    .            (no boots)
Will    .....        (no amulet)
Stlth   +            (no ring)
HPRegen 1.02/turn    (no ring)
MPRegen 0.10/turn

%: guardian spirit
@: lethally poisoned (-1 -> -5), hasted, very quick
A: fangs 2, regeneration 1, magic shield, antimagic bite, no potion heal 2
a: no special abilities


You were on level 2 of the Dungeon.
You visited 1 branch of the dungeon, and saw 2 of its levels.

You collected 61 gold pieces.

Inventory:

Hand Weapons
 a - a +0 falchion (weapon)
 h - a +0 dagger
Missiles
 d - 7 darts of dispersal (quivered)
 j - 5 poisoned darts
Armour
 i - a +0 robe (worn)
Scrolls
 b - a scroll of revelation {unknown}
 c - a scroll of blinking
 g - 3 scrolls of teleportation {unknown}
Potions
 e - a potion of mutation {unknown}


   Skills:
 * Level 2.1 Fighting
 + Level 2.3 Long Blades
 + Level 0.8 Throwing
 - Level 0.7 Armour
 + Level 1.6 Dodging
 * Level 2.4 Spellcasting
 + Level 3.1 Translocations


You had 3 spell levels left.
You knew the following spells:

 Your Spells              Type           Power      Damage    Failure   Level
b - Blink                 Tloc           18%        N/A       11%         2

Your spell library contained the following spells:

 Spells                   Type           Power      Damage    Failure   Level
 Lesser Beckoning         Tloc           18%        N/A       11%         2
 Teleport Other           Tloc           9%         N/A       21%         3
 Call Imp                 Summ           2%         N/A       36%         2
 Sublimation of Blood     Necr           1%         N/A       36%         2
 Manifold Assault         Tloc           9%         N/A       56%         4
 Vhi's Electric Charge    Tloc/Air       10%        N/A       77%         4
 Summon Hydra             Summ           0%         N/A       100%        7


Dungeon Overview and Level Annotations

Branches:
Dungeon (2/15)

Altars:
Fedhas


Innate Abilities, Weirdness & Mutations

You have extremely sharp teeth.
Your natural rate of healing is unusually fast.
When hurt, damage is shared between your health and your magic reserves.
Your bite disrupts and absorbs the magic of your enemies.
Potions cannot restore your health.


Message History

An adder comes into view.
You see here 8 gold pieces.
You slash the adder! Your bite misses the adder.
The adder is severely wounded.
The adder completely misses you. The adder bites you.
You are poisoned.
The adder poisons you!
You closely miss the adder.
The adder is severely wounded.
You feel sick. The adder bites you.
You are more poisoned.
The adder poisons you!
You miss the adder. Your bite misses the adder.
The adder is severely wounded.
You feel very sick. The adder bites you. The adder closely misses you.
You hit the adder.
The adder is almost dead.
You feel very sick. The adder misses you.
You barely miss the adder.
The adder is almost dead.
You feel sick. The adder bites you.
* * * LOW HITPOINT WARNING * * *
You are lethally poisoned!
The adder poisons you! The adder misses you.
You barely miss the adder. You bite the adder. You drain its power.
You feel invigorated.
The adder is almost dead.
* * * LOW HITPOINT WARNING * * *
You feel very sick. The adder closely misses you.
You closely miss the adder.
The adder is almost dead.
* * * LOW HITPOINT WARNING * * *
You feel sick. The adder bites you.
You are more poisoned.
The adder poisons you! The adder bites you.
It was a potion of haste.
You feel yourself speed up.
You die...

.<...###.#.##†#.#.#
.>..............#.#
.....##..#.#..#.#.#
.....##.#.##.(....#####
#..####.#.##...........
.... ................
...# ##.#.###.....###
...# #[#.# #..>.$# ..
#.#.# ###S@## ........#
#######.# #.# #.# ...
###


You could see an adder.

Vanquished Creatures
  2 dart slugs
  4 ball pythons
  2 endoplasms
  A giant cockroach (D:1)
  A hobgoblin (D:1)
  A bat (D:1)
  2 goblins (D:1)
  3 kobolds
  A rat (D:2)
17 creatures vanquished.

Notes
Turn   | Place    | Note
-------+----------+-------------------------------------------
     0 | D:1      | Esekla the Vine Stalker Warper began the quest for the Orb.
     0 | D:1      | Reached XP level 1. HP: 11/11 MP: 4/4
   215 | D:1      | Reached XP level 2. HP: 15/15 MP: 6/6
   218 | D:1      | Learned a level 2 spell: Blink
   392 | D:2      | Found a blossoming altar of Fedhas.
   515 | D:2      | Succumbed to an adder's poison

Illustrated notes

Levels and vault maps discovered:
D:1:      dpeg_arrival_arbitrary_a, layout_loops_corners
D:2:      layout_loops_ring, basic_altar

Skill      XL: |  1  2 |
---------------+-------+-----
Long Blades    | 2 |  2.3
Fighting       | 2 |  2.1
Throwing       | |  0.8
Armour         | |  0.7
Dodging        | |  1.6
Spellcasting   | |  2.4
Translocations | |  3.1

Action                     || total
---------------------------++-------
  Melee: Falchion          ||    45
         Bite              ||    10
    Use: Potion            ||     1
 Armour: Leather armour    ||    11
         Robe              ||    17
  Dodge: Dodged            ||    27
